 Dungeon Crawl Stone Soup version 0.19.5 (webtiles) character file.

156 Lizzreth the Cutter (level 5, 0/38 HPs)
             Began as a Demonspawn Assassin on Mar 17, 2017.
             Was a Follower of Sif Muna.
             Slain by a worm (9 damage)
             ... on level 3 of the Dungeon.
             The game lasted 00:14:25 (3293 turns).

Lizzreth the Cutter (Demonspawn Assassin)           Turns: 3293, Time: 00:14:27

Health: 0/38       AC:  3    Str: 12    XL:     5   Next: 14%
Magic:  5/5        EV: 11    Int: 12    God:    Sif Muna [*.....]
Gold:   229        SH:  0    Dex: 15    Spells: 0 memorised, 4 levels left

rFire  . . .     SeeInvis .     n - +2 dagger (vamp)
rCold  . . .     Gourm    .     c - +0 robe
rNeg   . . .     Faith    .     (no shield)
rPois  .         Spirit   .     (no helmet)
rElec  .         Reflect  .     d - +0 cloak
rCorr  .         Harm     .     (no gloves)
MR     .....                    (no boots)
Stlth  ++........               (no amulet)
                                (no ring)
                                (no ring)

@: no status effects
A: talons 2, rot immunity
a: Divine Energy, Renounce Religion


You were on level 3 of the Dungeon.
You worshipped Sif Muna.
Sif Muna was aware of your devotion.
You were not hungry.

You visited 1 branch of the dungeon, and saw 3 of its levels.

You collected 229 gold pieces.

Inventory:

Hand Weapons
 a - a +2 dagger
 b - a +0 blowgun
 n - a +2 vampiric dagger (weapon)
Missiles
 e - 40 poisoned needles
 f - 2 curare-tipped needles
Armour
 c - a +0 robe (worn)
 d - a +0 cloak (worn)
Scrolls
 g - a scroll of noise {unknown}
 h - a scroll of enchant armour {unknown}
 i - a scroll of magic mapping {unknown}
 j - 2 scrolls of recharging {unknown}
 l - 4 scrolls of blinking {unknown}
 m - a scroll of random uselessness {unknown}
 p - 2 scrolls of immolation {unknown}
 r - a scroll of teleportation {unknown}
 t - a scroll of identify {unknown}
 v - 2 scrolls of remove curse {unknown}
Potions
 k - 2 potions of cure mutation {unknown}
 o - a potion of berserk rage {unknown}
 q - a potion of agility {unknown}
Comestibles
 u - a meat ration


   Skills:
 - Level 2.0 Fighting
 + Level 4.9 Short Blades
 - Level 1.7 Throwing
 - Level 0.8 Dodging
 - Level 3.6 Stealth


You had 4 spell levels left.
You didn't know any spells.

Dungeon Overview and Level Annotations

Branches:
Dungeon (3/15)

Altars:
Sif Muna


Innate Abilities, Weirdness & Mutations

You have razor-sharp toenails.
You are immune to rotting.


Message History

v - 2 scrolls labeled TOITRU DIGORASH (gained 1)
Items here: †††† a worm corpse; a hobgoblin corpse; a jackal corpse x2
You start resting.
Eating a chunk of flesh.
You start eating the chunk of flesh.
This raw flesh tastes terrible.
You hear the brisk rusting of a distant drain.
Found an escape hatch in the ceiling.
A worm comes into view.
There is an escape hatch in the ceiling here.
You hit the worm.
The worm is moderately wounded.
The worm bites you.
* * * LOW HITPOINT WARNING * * *
You hit the worm.
The worm is heavily wounded.
You hit the worm.
You feel better.
The worm is severely wounded.
The worm bites you!
You die...

#......†.....#
#..##.##.###.#
#..##.##.###.###
#|.##.##.......#
#.†##.###......#
#####..##.##..[....#
>.........##.......#
.####..#####.......#
.# #..# #..##@### .#
#..# #.. #w#
.####..#####.. #..
............. ..##
.........###. ###
.#####...# .# #.##
.# .# ## ..


You could see a worm.

Vanquished Creatures
  A worker ant (D:3)
  3 adders
  An ooze (D:2)
  4 worms
  2 dart slugs
  5 leopard geckos
  2 giant cockroaches
  4 goblins
  5 hobgoblins
  20 jackals
  5 kobolds
  A quokka (D:2)
  2 ball pythons
  9 bats
  5 frilled lizards
  4 rats
73 creatures vanquished.

Notes
Turn   | Place    | Note
-------+----------+-------------------------------------------
     0 | D:1      | Lizzreth the Demonspawn Assassin began the quest for the Orb.
     0 | D:1      | Reached XP level 1. HP: 16/16 MP: 1/1
    67 | D:1      | Reached skill level 2 in Short Blades
   210 | D:1      | Gained mutation: You have sharp toenails. [demonic ancestry]
   210 | D:1      | Reached XP level 2. HP: 11/22 MP: 2/2
   851 | D:1      | Reached skill level 3 in Short Blades
   851 | D:1      | Gained mutation: You are immune to rotting. [demonic ancestry]
   851 | D:1      | Reached XP level 3. HP: 16/27 MP: 3/3
  1991 | D:2      | Reached XP level 4. HP: 23/33 MP: 4/4
  2002 | D:2      | Reached skill level 4 in Short Blades
  2515 | D:2      | Found a faded altar of an unknown god.
  2524 | D:2      | Became a worshipper of Sif Muna the Loreminder
  2524 | D:2      | Reached * piety under Sif Muna
  3162 | D:3      | Gained mutation: You have razor-sharp toenails. [demonic ancestry]
  3162 | D:3      | Reached XP level 5. HP: 27/38 MP: 5/5
  3293 | D:3      | Slain by a worm

Skill      XL: |  1  2  3  4 |
---------------+-------------+-----
Short Blades   | 2 3 4 |  4.9
Fighting       | |  2.0
Throwing       | |  1.7
Dodging        | |  0.8
Stealth        | |  3.6

Action                   |  1- 3 |  4- 6 || total
-------------------------+-------+-------++-------
Melee: Dagger            |   141 |   160 ||   301
       Kick              |    29 |    45 ||    74
  Use: Potion            |       |     1 ||     1
 Stab: Sleeping          |     5 |     3 ||     8
       Distracted        |       |     1 ||     1
  Eat: Chunk             |     3 |     5 ||     8
       Bread ration      |     1 |       ||     1
Armor: Robe              |    56 |    37 ||    93
Dodge: Dodged            |    91 |    89 ||   180
